 Dungeon Crawl Stone Soup version 0.21.1-1-g345015fe64 (webtiles) character file.

226 Gargoyl the Skirmisher (level 5, -1/41 HPs)
             Began as a Centaur Abyssal Knight on May 2, 2018.
             Was a Believer of Lugonu.
             Slain by a black bear (7 damage)
             ... on level 4 of the Dungeon.
             The game lasted 00:07:08 (3995 turns).

Gargoyl the Skirmisher (Centaur Abyssal Knight)     Turns: 3995, Time: 00:07:09

Health: -1/41      AC:  9    Str: 16    XL:     5   Next: 69%
Magic:  7/7        EV:  1    Int:  9    God:    Lugonu [**....]
Gold:   236        SH:  7    Dex: 10    Spells: 4/4 levels left

rFire    . . .     SeeInvis .   a - +2 hand axe
rCold    . . .     Gourm    .   o - +0 shield
rNeg     . . .     Faith    .   f - +0 chain mail
rPois    .         Spirit   .   k - +1 helmet
rElec    .         Reflect  .   (no cloak)
rCorr    .         Harm     .   (no gloves)
MR       .....                  (no barding)
Stlth    ..........             (no amulet)
HPRegen  0.13/turn              (no ring)
MPRegen  0.10/turn              (no ring)

@: heavily drained, very quick
A: large, hooves 3, [blurry vision 1], clever 1, deformed body, [dopey 2], speed
2, frail 1, strong 1, tough skin 3
a: Depart the Abyss, Bend Space, Renounce Religion


You were on level 4 of the Dungeon.
You worshipped Lugonu.
Lugonu was pleased with you.
You were not hungry.

You visited 1 branch of the dungeon, and saw 4 of its levels.
You visited the Abyss 1 time.

You collected 236 gold pieces.

Inventory:

Hand Weapons
 a - a +2 hand axe (weapon)
Armour
 f - a +0 chain mail (worn)
 k - a +1 helmet (worn)
 o - a +0 shield (worn)
 p - a +1 cloak
Scrolls
 b - 2 scrolls of identify
 e - 3 scrolls of magic mapping
 j - a scroll of blinking
 q - a scroll of remove curse
 r - 2 scrolls of teleportation
Potions
 d - a potion of resistance
 g - 2 potions of berserk rage
 h - 4 potions of haste
 i - a potion of lignification
 l - 3 potions of heal wounds
 m - 3 potions of flight
 n - a potion of agility
Comestibles
 c - 6 rations


   Skills:
 + Level 3.9(2.5) Fighting
 + Level 3.1(1.8) Axes
 * Level 3.0(1.7) Armour
 + Level 0.6(0.0) Dodging
 + Level 0.1(0.0) Shields
 * Level 3.0(1.7) Invocations


You had 4 spell levels left.
You didn't know any spells.

Dungeon Overview and Level Annotations

Branches:
Dungeon (4/15)
 Temple: D:4-7

Altars:
Cheibriados
Qazlal
Ru


Innate Abilities, Weirdness & Mutations

You have hooves in place of feet.
Armour fits poorly on your strangely shaped body.
You cover ground very quickly.
You have extremely tough skin. (AC +3)
Your mind is acute. (Int +2)
You are frail. (-10% HP)
Your muscles are strong. (Str +2)
[Scrolls take you a little longer to read.]
[You are very dopey. (Int -4)]


Message History

The black bear claws you.
The black bear claws you but does no damage.
You hit the black bear.
The black bear is severely wounded.
The black bear goes berserk!
The black bear bites you. The black bear barely misses you.
You block the black bear's attack.
You completely miss the black bear. Your kick misses the black bear.
The black bear is severely wounded.
The black bear bites you.
The black bear claws you but does no damage. x2
You barely miss the black bear.
The black bear is severely wounded.
The black bear barely misses you.
The black bear claws you but does no damage.
The black bear claws you. The black bear bites you.
* * * LOW HITPOINT WARNING * * *
The black bear claws you.
* * * LOW HITPOINT WARNING * * *
The black bear completely misses you. The black bear bites you!
You die...

#.#.....# #.....
#.####### ########
######
#.###########......#
#..................#
#############......#
#.###### #.# #.# #@#
#h# #S# #.#
##.####...
#.........
#.........
#.......## ....#####


You could see a black bear (berserk) and an adder.

Vanquished Creatures
  A hound (D:3)
  A worker ant (D:4)
  8 adders
  An ooze (D:3)
  An adder skeleton (D:4)
  5 worms
  2 dart slugs (D:1)
  2 leopard geckos
  7 orcs
  2 ball pythons
  8 bats
  4 giant cockroaches (D:1)
  4 goblins
  11 hobgoblins
  A quokka (D:2)
  8 kobolds
  A leopard gecko skeleton (D:4)
  A quokka skeleton (D:4)
  4 rats
72 creatures vanquished.

Notes
Turn   | Place    | Note
-------+----------+-------------------------------------------
     0 | Abyss:1  | Gargoyl the Centaur Abyssal Knight began the quest for the Orb.
     0 | Abyss:1  | Reached XP level 1. HP: 19/19 MP: 2/2
    85 | Abyss:4  | Noticed a wretched star
    93 | Abyss:5  | Entered Level 5 of the Abyss
   147 | Abyss:5  | Noticed a large abomination
   150 | Abyss:5  | Noticed a small abomination
   157 | Abyss:5  | Noticed an earth elemental
   157 | Abyss:5  | Noticed a thrashing horror
   157 | Abyss:5  | Noticed a tyrant leech
   157 | D:1      | Escaped the Abyss
   539 | D:1      | Reached XP level 2. HP: 26/26 MP: 3/3
   567 | D:1      | Reached * piety under Lugonu
  1241 | D:1      | Reached XP level 3. HP: 28/31 MP: 4/4
  2001 | D:2      | Reached XP level 4. HP: 33/40 MP: 5/5
  2295 | D:2      | Found a sacrificial altar of Ru.
  2574 | D:3      | Found a snail-covered altar of Cheibriados.
  2713 | D:3      | Reached XP level 5. HP: 26/46 MP: 7/7
  2720 | D:3      | Reached ** piety under Lugonu
  2954 | D:3      | Found a stormy altar of Qazlal.
  3361 | D:4      | Gained mutation: You are frail. (-10% HP) [potion of mutation]
  3361 | D:4      | Gained mutation: Your mind is acute. (Int +2) [potion of mutation]
  3361 | D:4      | Gained mutation: Your muscles are strong. (Str +2) [potion of mutation]
  3976 | D:4      | Noticed a black bear
  3995 | D:4      | Slain by a black bear

Skill      XL: |  1  2  3  4  5 |
---------------+----------------+-----
Axes           | 2 3 |  3.1
Armour         | 2 3 |  3.0
Invocations    | 3 |  3.0
Fighting       | |  3.9
Dodging        | |  0.6
Shields        | |  0.1

Action                   |  1- 3 |  4- 6 || total
-------------------------+-------+-------++-------
Melee: Hand axe          |    99 |   123 ||   222
       Kick              |    15 |    23 ||    38
Invok: Depart the Abyss  |     1 |       ||     1
  Use: Scroll            |     5 |    14 ||    19
       Potion            |       |     1 ||     1
  Eat: Ration            |     1 |     1 ||     2
       Chunk             |     1 |       ||     1
Armor: Chain mail        |   106 |   107 ||   213
Dodge: Dodged            |    27 |    20 ||    47
Block: Shield            |       |    32 ||    32
